 Dungeon Crawl Stone Soup version 0.28-a0-461-g2dc4ca5097 (webtiles) character file.

Game seed: 8147433998456509337

343 Demosthentine the Poker (level 6, -1/48 HPs)
             Began as a Merfolk Gladiator on Sept 14, 2021.
             Killed by divine providence
             ... invoked by an orc priest
              (13 damage)
             ... on level 3 of the Dungeon.
             The game lasted 00:01:52 (2521 turns).

Demosthentine the Poker (Merfolk Gladiator)         Turns: 2521, Time: 00:01:52

Health: -1/48      AC:  4    Str: 15    XL:     6   Next: 57%
Magic:  6/6        EV: 14    Int:  7    God:
Gold:   85         SH:  0    Dex: 17    Spells: 5/5 levels left

rFire   . . .      SeeInvis .   a - +1 trident
rCold   . . .      Faith    .   (no shield)
rNeg    . . .      Spirit   .   b - +0 leather armour
rPois   .          Reflect  .   c - +0 helmet
rElec   .          Harm     .   (no cloak)
rCorr   .          Rampage  .   (no gloves)
Will    .....                   (no boots)
Stlth   +.........              (no amulet)
HPRegen 0.16/turn               (no ring)
MPRegen 0.10/turn               (no ring)

@: no status effects
A: (nimble swimmer 2), mertail
a: no special abilities


You were on level 3 of the Dungeon.
You visited 1 branch of the dungeon, and saw 3 of its levels.

You collected 85 gold pieces.

Inventory:

Hand Weapons
 a - a +1 trident (weapon)
Missiles
 d - 2 throwing nets (quivered)
Armour
 b - a +0 leather armour (worn)
 c - a +0 helmet (worn)
Jewellery
 h - a +4 ring of protection
 n - an amulet of regeneration
 p - a +6 ring of strength
Wands
 e - a wand of flame (1)
 o - a wand of polymorph (5)
Scrolls
 g - a scroll of identify
 m - a scroll of teleportation
Potions
 i - a potion of flight
 j - a potion of curing {unknown}
 k - a potion of magic {unknown}
 l - a potion of might {unknown}


   Skills:
 + Level 4.1 Fighting
 + Level 6.4 Polearms
 - Level 2.0 Throwing
 + Level 2.1 Armour
 + Level 5.8 Dodging


You had 5 spell levels left.
You didn't know any spells.
Your spell library contained the following spells:

 Spells                   Type           Power      Damage    Failure   Level
 Ignite Poison            Fire/Tmut/Pois 0%         N/A       86%         3
 Mephitic Cloud           Conj/Pois/Air  0%         N/A       86%         3
 Freezing Cloud           Conj/Ice/Air   0%         6-21      100%        5


Dungeon Overview and Level Annotations

Branches:
Dungeon (3/15)

Altars:


Innate Abilities, Weirdness & Mutations

((You are quick and stealthy near water. (Stealth+, EV+, Speed+++)))
Your lower body shifts to a powerful aquatic tail in water.


Message History

Unknown command.
You bump into the rock wall.
You feel less confused. The orc completely misses you. Something hits you.
The orc priest calls down the wrath of Beogh upon you.
You barely resist. The orc hits you with a +0 mace.
Unknown command.
You hit the orc.
The orc is heavily wounded.
The orc barely misses you. Something hits you.
The orc priest hits you with a +0 dagger.
* * * LOW HITPOINT WARNING * * *
Unknown command.
You hit the orc priest but do no damage.
The orc misses you. Something hits you.
* * * LOW HITPOINT WARNING * * *
The orc priest hits you with a +0 dagger.
* * * LOW HITPOINT WARNING * * *
Unknown command.
You feel much better. The orc wizard closely misses you.
The orc hits you with a +0 short sword.
You hear some strange, mumbled words.
A puff of flame appears from out of thin air!
The puff of flame hits you. The orc priest misses you.
You hit the orc priest.
The orc priest is lightly wounded.
The orc wizard completely misses you. The orc hits you with a +0 short sword.
Something hits you.
The orc priest invokes the aid of Beogh against you.
Beogh smites you!
* * * LOW HITPOINT WARNING * * *
You closely miss the orc priest.
The orc priest is lightly wounded.
The orc wizard mumbles some strange words.
The orc wizard flickers and vanishes!
The orc closely misses you. Something hits you.
* * * LOW HITPOINT WARNING * * *
The orc priest mumbles some strange prayers to Beogh against you.
Beogh smites you!
You die...

####.#.###.########
..............†...#
##.....#.######.#
#....##.# #.# #.#.###.#
#.# #.......# #.#
###.##### #.# ##{## #.###
#oo@# #...# #..{o.#
####.# #.......# ##.##.#
#.........####...#.#
.'.(.......+........#
###.........####...#.####
##.......## ##........
##.....## ##.#.###. ..
#.#.#


You could see an orc priest and 2 orcs.

Vanquished Creatures
  Sigmund (D:2)
  Natasha (thrice) (D:2)
  An adder (D:3)
  4 gnolls (D:2)
  3 worms
  2 orcs (D:3)
  4 bats
  5 endoplasms (D:1)
  2 giant cockroaches (D:1)
  7 goblins
  3 hobgoblins
  6 kobolds
  A quokka (D:2)
  6 ball pythons
  A frilled lizard (D:3)
  5 rats
54 creatures vanquished.

Notes
Turn   | Place    | Note
-------+----------+-------------------------------------------
     0 | D:1      | Demosthentine the Merfolk Gladiator began the quest for the
                  | Orb.
     0 | D:1      | Reached XP level 1. HP: 16/16 MP: 1/1
    10 | D:1      | Found a faded altar of an unknown god.
   177 | D:1      | Reached XP level 2. HP: 22/23 MP: 2/2
   555 | D:1      | Reached XP level 3. HP: 27/28 MP: 3/3
   918 | D:2      | Noticed Sigmund
   938 | D:2      | Killed Sigmund
   939 | D:2      | Reached skill level 5 in Polearms
   939 | D:2      | Reached skill level 1 in Armour
   939 | D:2      | Reached skill level 5 in Dodging
   939 | D:2      | Reached XP level 4. HP: 17/37 MP: 4/4
   939 | D:2      | Reached XP level 5. HP: 19/42 MP: 5/5
  1196 | D:2      | Reached skill level 6 in Polearms
  1196 | D:2      | Reached XP level 6. HP: 12/48 MP: 6/6
  1715 | D:2      | Noticed Natasha
  1723 | D:2      | Killed Natasha
  1729 | D:2      | Noticed Natasha
  1737 | D:2      | Killed Natasha
  1783 | D:2      | Noticed Natasha
  1795 | D:2      | Killed Natasha
  2521 | D:3      | Killed from afar by an orc priest

Illustrated notes

Levels and vault maps discovered:
D:1:      psy_arrival_dodecagon, layout_basic, basic_ecumenical_altar,
          minmay_hedge_maze
D:2:      layout_rooms, uniq_natasha, uniq_sigmund
D:3:      layout_loops_corners

Skill      XL: |  1  2  3  4  5  6 |
---------------+-------------------+-----
Fighting       | 3 4 |  4.1
Polearms       | 5 6 |  6.4
Armour         | 1 2 |  2.1
Dodging        | 5 |  5.8
Throwing       | |  2.0

Action                   |  1- 3 |  4- 6 || total
-------------------------+-------+-------++-------
Melee: Trident           |    77 |   114 ||   191
Throw: Throwing net      |     1 |       ||     1
  Use: Scroll            |     4 |     4 ||     8
       Potion            |       |     1 ||     1
 Stab: Distracted        |     1 |       ||     1
       Sleeping          |     2 |     1 ||     3
       Held in net/web   |     2 |       ||     2
Armor: Leather armour    |    16 |     7 ||    23
       Skin              |       |     3 ||     3
Dodge: Dodged            |    37 |    58 ||    95

Table legend: (Time is in decaauts)
 A = Elapsed time spent in this place.
 B = Non-inter-level travel time spent in this place.
 C = Inter-level travel time spent in this place.
 D = Time resting spent in this place.
 E = Time spent auto-exploring this place.
 F = Levels seen in this place.
 G = Mean time per level.
                   A        B        C        D        E       F      G
               +--------+--------+--------+--------+--------+-----+--------+
         Total |   2533 |   2516 |     17 |     19 |   2059 |   3 |  844.3 |
       Dungeon |   2533 |   2516 |     17 |     19 |   2059 |   3 |  844.3 |
               +--------+--------+--------+--------+--------+-----+--------+

Top non-repeatable levels by time:
     D:1: 1128 daAuts
     D:2: 917 daAuts
     D:3: 487 daAuts
